AoeStats
← 五岁的单机的回忆

Glade

510510876Analyzed
1v1 RM · 15h ago on Oct 1, 2026· 23m 40s· 2 players
Game mode
Random Map
Map size
Tiny (2 player)
Population
200
Speed
Normal
Resources
Standard
Victory
Conquest
Starting age
Dark Age
Ending age
Imperial Age
RankedLock teamsTeams togetherTeam positionsShared explorationLock speedFull tech treeHidden civsTurbo modeCheats
Victory
Defeat
🇬🇧 Lithuanians · United Kingdom
1359
+16
1361
-16
Pikaflex
8:36 Loom
10:23 Feudal Age
15:34 Castle Age
14:08 Horse Collar
15:18 Bloodlines
15:54 Light Cavalry
18:11 Husbandry
22:22 Wheelbarrow
五岁的单机的回忆
8:13 Loom
10:08 Feudal Age
18:53 Castle Age
20:47 Scale Mail Armor
Connection lost

Rejoining the realm…

Still unreachable

The connection could not be restored.

Session expired

The server has moved on; the page needs a fresh start.